 Dungeon Crawl Stone Soup version 0.30-a0-439-g9e77e4d916 (webtiles) character file.

Game seed: 498162112909286134

544 McMuffin the Covered (level 7, -3/50 HPs)
             Began as a Demonspawn Wanderer on Dec 10, 2022.
             Killed by divine providence
             ... invoked by an orc priest
              (8 damage)
             ... on level 3 of the Dungeon on Dec 11, 2022.
             The game lasted 00:17:07 (3239 turns).

McMuffin the Covered (Demonspawn Wanderer)          Turns: 3239, Time: 00:17:08

Health: -3/50      AC: 15    Str: 14    XL:     7   Next: 6%
Magic:  10/10      EV:  7    Int: 13    God:
Gold:   177        SH:  4    Dex: 13    Spells: 9/10 levels left

rFire   . . .      SeeInvis .    t - +3 flail (venom)
rCold   . . .      Faith    .    (no shield)
rNeg    . . .      Spirit   .    j - +0 plate armour
rPois   .          Reflect  .    (no helmet)
rElec   .          Harm     .    (no cloak)
rCorr   .          Rampage  .    (no gloves)
Will    .....                    (no boots)
Stlth   ..........               (no amulet)
HPRegen 0.28/turn                (no ring)
MPRegen 0.12/turn                (no ring)

@: no status effects
A: repulsion field 2, icemail 1, condensation shield, weakness stinger 1
a: no special abilities


You were on level 3 of the Dungeon.
You visited 1 branch of the dungeon, and saw 3 of its levels.
You also visited: Sewer.

You collected 177 gold pieces.

Inventory:

Hand Weapons
 a - a +0 club
 i - a +2 whip of freezing
 m - a +2 arbalest of freezing
 t - a +3 flail of venom (weapon)
Armour
 c - a +2 scale mail
 j - a +0 plate armour (worn)
Scrolls
 b - 2 scrolls of butterflies
 e - 3 scrolls of identify {unknown}
 g - 2 scrolls of blinking
 k - 2 scrolls of noise {unknown}
 n - 2 scrolls of fear {unknown}
 r - a scroll of magic mapping {unknown}
 w - a scroll of enchant weapon {unknown}
 x - a scroll of teleportation {unknown}
Potions
 d - 2 potions of invisibility {unknown}
 f - a potion of heal wounds {unknown}
 h - 2 potions of might {unknown}
 l - a potion of resistance {unknown}
 o - a potion of haste {unknown}
 p - a potion of lignification {unknown}
 q - 2 potions of curing {unknown}
 s - 2 potions of attraction {unknown}
 u - a potion of degeneration {unknown}
 v - 2 potions of ambrosia {unknown}


   Skills:
 + Level 2.2 Fighting
 + Level 3.8 Maces & Flails
 + Level 0.2 Ranged Weapons
 + Level 1.1 Throwing
 + Level 3.9 Armour
 + Level 2.1 Dodging
 + Level 1.6 Shields
 + Level 2.2 Spellcasting
 + Level 3.2 Translocations


You had 9 spell levels left.
You knew the following spells:

 Your Spells              Type           Power      Damage    Failure   Level
a - Apportation           Tloc           18%        N/A       99%         1

Your spell library contained the following spells:

 Spells                   Type           Power      Damage    Failure   Level
 Summon Small Mammal      Summ           4%         N/A       100%        1
 Call Canine Familiar     Summ           1%         N/A       100%        3
 Dazzling Flash           Conj/Hex       2%         N/A       100%        3
 Kindle Blastsparks       Fire/Tloc/Air  8%         2d10      100%        3
 Summon Guardian Golem    Hex/Summ       1%         N/A       100%        3
 Iskenderun's Mystic Bla  Conj/Tloc      5%         2d3       100%        4
 Starburst                Conj/Fire      0%         6d3       100%        6


Dungeon Overview and Level Annotations

Branches:
Dungeon (3/15)              Sewer (visited)

Altars:


Innate Abilities, Weirdness & Mutations

You are surrounded by a moderate repulsion field. (EV +3)
A meltable icy envelope protects you from harm. (AC +4)
A meltable shield of frost defends you. (SH +4)
You have a small tail.


Message History

You see here a sedimented cyan potion.
The orc barely misses you.
An orc wizard comes into view. It is wielding a +0 dagger.
An orc comes into view. It is wielding a +0 short sword.
The orc wizard shouts!
The orc priest casts a cantrip, but nothing happens.
The orc attacks as you move away! The orc hits you but does no damage.
The orc attacks as you move away! The orc barely misses you.
The orc attacks as you move away! The orc closely misses you.
You see here a +0 mace.
Items here: )))) [ ††.
The orc attacks as you move away! The orc hits you but does no damage.
The orc priest miscasts a cantrip.
The orc priest calls down the wrath of Beogh upon you.
Beogh smites you!
* * * LOW HITPOINT WARNING * * *
Things that are here:
a +0 dagger; 3 stones The orc attacks as you move away!
The orc hits you with a +0 falchion.
* * * LOW HITPOINT WARNING * * *
The orc priest looks encouraged for a moment.
The orc attacks as you move away! The orc barely misses you.
There is an open door here.
You sock the orc!
You kill the orc!
You hit the orc.
The orc is poisoned.
You tail-slap the orc.
You kill the orc!
Items here: $ )) ? [ †.
Things that are here:
a +0 dagger; 3 stones You hit the orc priest.
The orc priest is poisoned.
The orc priest is moderately wounded.
The orc priest barely misses you.
You hit the orc priest.
The orc priest looks as sick as possible!
You tail-slap the orc priest.
The orc priest is almost dead.
The orc priest invokes the aid of Beogh against you.
Beogh smites you!
You die...

#####.#'###......# #...
..........######## ###.
.###...†..# ##
...#......# #........#
###......# ####'###
#)..### #@#...########
#o###........# #o#
########.## #.# ##..# #
#.# #...# # #)# #...####
#######)#############...
.....<#.##.~~~~~#~~~#...
...o.oo.#######~#÷#~#~..


You could see an orc priest (extremely poisoned) and an orc wizard.

Vanquished Creatures
  2 bullfrogs (Sewer)
  2 orc priests (D:3)
  Natasha (twice) (D:3)
  A gnoll (D:1)
  12 adders
  7 river rats (D:3)
  2 worms (D:3)
  7 orcs (D:3)
  11 endoplasms (Sewer)
  10 giant cockroaches
  3 goblins
  9 hobgoblins
  6 jackals
  8 quokkas
  9 ball pythons
  3 bats (D:2)
  10 frilled lizards
  14 kobolds
  6 rats
124 creatures vanquished.

Notes
Turn   | Place    | Note
-------+----------+-------------------------------------------
     0 | D:1      | McMuffin the Demonspawn Wanderer began the quest for the
                  | Orb.
     0 | D:1      | McMuffin set off with the following items: a +0 club, 2
                  | scrolls of butterflies, a +2 scale mail; and the following
                  | spell memorised: Apportation; and the following spells
                  | available to memorise: Kindle Blastsparks.
     0 | D:1      | Reached XP level 1. HP: 13/13 MP: 3/3
   306 | D:1      | Gained mutation: You have a small tail. [demonic ancestry]
   306 | D:1      | Reached XP level 2. HP: 17/19 MP: 5/5
   767 | D:1      | Gained mutation: A meltable shield of frost defends you.
                  | (SH +4) [demonic ancestry]
   767 | D:1      | Reached XP level 3. HP: 24/24 MP: 6/6
  1006 | D:2      | Reached skill level 1 in Maces & Flails
  1162 | D:2      | HP: 1/24 [poisoned by an adder]
  1169 | D:2      | Gained mutation: You are surrounded by a mild repulsion
                  | field. (EV +2) [demonic ancestry]
  1169 | D:2      | Reached XP level 4. HP: 3/30 MP: 7/7
  1773 | D:3      | Noticed Natasha
  1779 | D:3      | Killed Natasha
  1878 | D:3      | Gained mutation: You are surrounded by a moderate repulsion
                  | field. (EV +3) [demonic ancestry]
  1878 | D:3      | Reached XP level 5. HP: 28/36 MP: 8/8
  1904 | D:3      | Reached skill level 1 in Fighting
  2032 | D:3      | Found a glowing drain.
  2055 | Sewer    | Entered a sewer
  2411 | Sewer    | Gained mutation: A meltable icy envelope protects you from
                  | harm. (AC +4) [demonic ancestry]
  2411 | Sewer    | Reached XP level 6. HP: 42/43 MP: 9/9
  2653 | Sewer    | Reached skill level 1 in Shields
  3020 | D:3      | Noticed Natasha
  3025 | D:3      | Killed Natasha
  3211 | D:3      | Reached XP level 7. HP: 25/50 MP: 10/10
  3239 | D:3      | Killed from afar by an orc priest

Illustrated notes

Levels and vault maps discovered:
D:1:      evilmike_arrival_crescent, layout_basic, chequers_avenue
D:2:      minmay_kobold_bridge, layout_rooms, skrybe_limestone_x,
          chequers_serial_rivers_micro_d
D:3:      layout_basic, lightli_sewer_entry_pipes, uniq_natasha

Skill      XL: |  1  2  3  4  5  6 |
---------------+-------------------+-----
Armour         | 2 3 |  3.9
Translocations | 3 |  3.2
Maces & Flails | 1 2 3 |  3.8
Dodging        | 2 |  2.1
Fighting       | 1 2 |  2.2
Shields        | 1 |  1.6
Ranged Weapons | |  0.2
Throwing       | |  1.1
Spellcasting   | |  2.2

Action                   |  1- 3 |  4- 6 |  7- 9 || total
-------------------------+-------+-------+-------++-------
Melee: Club              |    67 |       |       ||    67
       Tailslap          |    13 |    31 |     2 ||    46
       Whip              |    76 |   319 |       ||   395
       Punch             |     4 |     3 |       ||     7
       Flail             |       |    33 |     4 ||    37
 Fire: Arbalest          |     7 |       |       ||     7
 Cast: Apportation       |     4 |       |       ||     4
Armor: Scale mail        |    52 |       |       ||    52
       Plate armour      |    74 |   230 |     2 ||   306
Dodge: Dodged            |    62 |   123 |     5 ||   190
Block: Other             |    20 |    77 |       ||    97

Table legend: (Time is in decaauts)
 A = Elapsed time spent in this place.
 B = Non-inter-level travel time spent in this place.
 C = Inter-level travel time spent in this place.
 D = Time resting spent in this place.
 E = Time spent auto-exploring this place.
 F = Levels seen in this place.
 G = Mean time per level.
                   A        B        C        D        E       F      G
               +--------+--------+--------+--------+--------+-----+--------+
         Total |   3412 |   3369 |     43 |    500 |      0 |   4 |  853.0 |
       Dungeon |   2715 |   2672 |     43 |    292 |      0 |   3 |  905.0 |
         Sewer |    697 |    697 |      0 |    208 |      0 |   1 |  697.0 |
               +--------+--------+--------+--------+--------+-----+--------+

Top non-repeatable levels by time:
     D:3: 918 daAuts
     D:1: 914 daAuts
     D:2: 882 daAuts
   Sewer: 697 daAuts
